AoeStats
← chmchmchmchmchm

Pilgrims

510052187Analyzed
2v2 RM · 4d ago on Sep 29, 2026· 26m 42s· 4 players
Game mode
Random Map
Map size
Medium (4 player)
Population
200
Speed
Normal
Resources
Standard
Victory
Conquest
Starting age
Dark Age
Ending age
Imperial Age
RankedLock teamsTeams togetherTeam positionsShared explorationLock speedFull tech treeHidden civsTurbo modeCheats
Victory
Defeat
🇩🇪 Armenians · Germany
1140
+19
🇩🇪 Varangians · Germany
1137
+19
🇲🇽 Magyars · Mexico
1229
-19
🇨🇳 Franks · China
1192
-19
Jesusssx
8:19 Loom
10:57 Feudal Age
12:31 Fishing Lines
13:45 Double-Bit Axe
13:44 Horse Collar
20:27 Fletching
20:38 Padded Archer Armor
21:49 Wheelbarrow
chmchmchmchmchm
3:23 Loom
12:48 Feudal Age
13:34 Double-Bit Axe
17:39 Castle Age
15:26 Fishing Lines
Kunta
7:02 Loom
10:42 Feudal Age
11:35 Gold Mining
11:33 Double-Bit Axe
16:11 Castle Age
14:28 Stone Mining
15:58 Fletching
16:09 Fishing Lines
17:05 Bow Saw
17:13 Medium Warships
18:07 Horse Collar
24:28 Imperial Age
24:18 Gillnets
24:37 Husbandry
24:51 Forging
25:44 Wheelbarrow
25:46 Heavy Plow
27:26 Bloodlines
27:24 Scale Barding Armor
bagagagag
6:58 Loom
12:11 Feudal Age
12:41 Double-Bit Axe
13:30 Man-at-Arms
14:42 Long Swordsman
16:09 Wheelbarrow
18:17 Scale Mail Armor
18:39 Fishing Lines
24:01 Castle Age
23:31 Stone Mining
25:57 Bloodlines
Connection lost

Rejoining the realm…

Still unreachable

The connection could not be restored.

Session expired

The server has moved on; the page needs a fresh start.